Login

Shitbirds vs Jets

Created - November 26, 2023 at 11:49

Goals
1 2 3 OT1 SO T
Shitbirds 2 0 0 0 0 2
Jets 0 2 0 0 1 3
Shots
1 2 3 OT1 SO T
Shitbirds 10 13 7 3 3 33
Jets 4 8 4 3 2 19

GoalsPenalties
1st period
1. Shitbirds , Logan Couture 1 (Buck Phucksalot 10, Matthew Boldy 1) at 4:13
2. Shitbirds , David Pastrnak 6 (Dylan Larkin 11, Kirill Kaprizov 11) at 13:23
Kaiden Guhle (BEL) for Hooking (Minor) at 14:55
2nd period
3. Jets , Roman Josi 1 (Nikolaj Ehlers 6, Luke Evangelista 1) at 2:59
4. Jets , Aleksander Barkov 5 (Martin Necas 5) at 8:18 (PP)
Kirill Kaprizov (BEL) for Hooking (Minor) at 7:43
Connor Hellebuyck (INV) for Delaying the game (Minor) at 13:44 - Joshua Morrissey served the penalty.
3rd period
No Goal
Buck Phucksalot (BEL) for Holding (Minor) at 17:17
Overtime #1
No Goal
Shootout
Shitbirds, David Pastrnak - Shot Misses the Net
Jets, Aleksander Barkov - Stopped by Igor Shesterkin
Shitbirds, Kirill Kaprizov - Stopped by Connor Hellebuyck
Jets, Mark Scheifele - Goal!
Shitbirds, Jason Robertson - Shot Misses the Net
Goalie Stats
Igor Shesterkin (BEL), 17 saves from 19 shots - (0.895), OTL, 7-4-3, 65:00 minutes
Connor Hellebuyck (INV), 31 saves from 33 shots - (0.939), W, 8-5-1, 65:00 minutes
3 StarsOfficial
1 - Logan Couture (BEL)
2 - Connor Hellebuyck (INV)
3 - Nikolaj Ehlers (INV)
Referees : Unknown
Linesman : Unknown
Game Note
No Game Note
Finance
Level 1 -- Attendance: 4150 (69.17%) -- Ticket Income $415,000
Level 2 -- Attendance: 3500 (70.00%) -- Ticket Income $210,000
Level 3 -- Attendance: 1556 (77.80%) -- Ticket Income $54,460
Level 4 -- Attendance: 2890 (72.25%) -- Ticket Income $72,250
Luxury Box -- Attendance: 999 (99.90%) -- Ticket Income $199,800
Game was played at the Horn O Plenty.
Total Attendance: 13095 (72.75%)
Total Ticket Income: $951,510
Other Income: $380,604
Total Income: $1,332,114



Team Name Goals Shots Shots Attemp Shots Blocked PIM HIT PP PK FO%
Shitbirds 23362116210 / 1 (0%)143%
Jets 31947152281 / 3 (33%)057%

Shitbirds
Player Name POS G A P +/- PIM HIT SHT SB MP PP MP PP SHT PK MP PK SHT FO% FOT
Buck PhucksalotD0110242226:300:5301:1300% 0
Charlie McAvoyD0001010116:400:0000:5200% 0
Cole PerfettiC/LW000000009:130:0000:14038% 8
David PastrnakRW1010014022:031:0602:45014% 14
Dylan LarkinC0110006019:581:0601:34048% 31
Filip ZadinaLW/RW000001008:590:0000:0000% 1
Hampus LindholmD0000010320:051:0602:0500% 0
Jason RobertsonLW0000012018:050:0001:2000% 0
Kaapo KakkoRW000000108:590:0000:0000% 0
Kaiden GuhleD0001230116:410:0000:5400% 0
Kirill KaprizovLW/RW0110246021:351:0602:1800% 1
Logan CoutureC1011014115:160:5300:00067% 9
Matthew BoldyLW/RW0111001014:540:5300:000100% 1
Oliver BjorkstrandLW/RW0001013015:410:5300:5500% 0
Roope HintzC/LW0000001015:510:0000:00053% 17
Troy TerryC/RW0000001115:590:0000:0000% 1
Victor HedmanD0000022025:010:5301:5700% 0
Vladislav GavrikovD0000010218:541:0602:0500% 0
Jets
Player Name POS G A P +/- PIM HIT SHT SB MP PP MP PP SHT PK MP PK SHT FO% FOT
Aleksander BarkovC1010005227:442:5821:08067% 30
Brandon SaadLW/RW000-2030016:120:0000:0000% 1
Crabface TinklenutsD0000040228:072:0800:5300% 0
Erik HaulaC/LW000000006:080:0000:00050% 6
Jacob TroubaD000-1010119:352:0800:5300% 0
Jake SandersonD0000001420:092:2511:0600% 0
Jonas BrodinD0000030319:302:2501:0600% 0
Joshua MorrisseyD000-100008:150:0000:0000% 0
Luke EvangelistaRW0111001018:231:3510:0000% 0
Mark ScheifeleC0001024026:041:3501:08060% 20
Martin NecasC/RW0110011020:172:5810:4500% 1
Mason McTavishC/LW000-2021016:270:0000:00050% 18
Matias MaccelliLW000-2000016:180:0000:0600% 1
Morgan RiellyD0000050214:420:0000:0000% 0
Nikolaj EhlersLW/RW0111032018:221:3500:0600% 2
Pierre-Luc DuboisC/LW/RW0000041020:172:5800:45075% 4
Roman JosiD1010003114:420:0000:0000% 0
William KarlssonC000000001:490:0000:0000% 0

Shitbirds

5 vs 5 Forward
Line #Left WingCenterRight WingPHYDFOFWanted %Time %Time Play
1Kirill KaprizovDylan LarkinDavid Pastrnak1223029%15:16
2Jason RobertsonRoope HintzTroy Terry1222829%15:20
3Matthew BoldyLogan CoutureOliver Bjorkstrand1222626%13:53
4Filip ZadinaCole PerfettiKaapo Kakko1221617%8:59
5 vs 5 Defense
Line #DefenseDefensePHYDFOFWanted %Time %Time Play
1Buck PhucksalotVictor Hedman1223029%15:26
2Vladislav GavrikovHampus Lindholm1222830%16:11
3Kaiden GuhleCharlie McAvoy1222630%15:48
4Buck PhucksalotVictor Hedman1221611%6:03
Power Play Forward
Line #Left WingCenterRight WingPHYDFOFWanted %Time %Time Play
1Kirill KaprizovDylan LarkinDavid Pastrnak12255100%1:59
2Jason RobertsonRoope HintzTroy Terry122450%0:00
Power Play Defense
Line #DefenseDefensePHYDFOFWanted %Time %Time Play
1Buck PhucksalotVictor Hedman1225545%0:53
2Vladislav GavrikovHampus Lindholm1224555%1:06
Penalty Kill 4 Players Forward
Line #CenterWingPHYDFOFWanted %Time %Time Play
1David PastrnakKirill Kaprizov1225572%3:16
2Jason RobertsonDylan Larkin1224528%1:17
Penalty Kill 4 Players Defense
Line #DefenseDefensePHYDFOFWanted %Time %Time Play
1Buck PhucksalotVictor Hedman1225554%2:28
2Vladislav GavrikovHampus Lindholm1224546%2:05
Penalty Kill 3 Players
Line #WingPHYDFOFWanted %Time %Time PlayDefenseDefensePHYDFOFWanted %Time %Time Play
1David Pastrnak122550%0:00 Buck PhucksalotVictor Hedman122550%0:00
2Kirill Kaprizov122450%0:00 Vladislav GavrikovHampus Lindholm122450%0:00
4 vs 4 Forward
Line #CenterWingPHYDFOFWanted %Time %Time Play
1David PastrnakKirill Kaprizov122550%0:00
2Jason RobertsonDylan Larkin122450%0:00
4 vs 4 Defense
Line #DefensePHYDFOFWanted %Time %Time Play
1Buck PhucksalotVictor Hedman122550%0:00
2Vladislav GavrikovHampus Lindholm122450%0:00
Last Minutes Offensive
Left WingCenterRight WingDefenseDefense
Kirill KaprizovDylan LarkinDavid PastrnakBuck PhucksalotVictor Hedman
Last Minutes Defensive
Left WingCenterRight WingDefenseDefense
Kirill KaprizovDylan LarkinDavid PastrnakBuck PhucksalotVictor Hedman
Time
Total ForwardTotal DefenseLast Minutes OffensiveLast Minutes Defensive
60:00 60:00 0:000:00
Extra Forwards
Normal PowerPlayPenalty Kill
Matthew Boldy, Logan Couture, Oliver BjorkstrandMatthew Boldy, Logan CoutureOliver Bjorkstrand
Extra Defensemen
Normal PowerPlayPenalty Kill
Kaiden Guhle, Charlie McAvoy, Vladislav GavrikovKaiden Guhle, Charlie McAvoyVladislav Gavrikov
Penalty Shots
David Pastrnak, Kirill Kaprizov, Jason Robertson, Dylan Larkin, Roope Hintz
Goalie
Igor Shesterkin, Karel Vejmelka
Custom OT Lines Forwards
David Pastrnak, Kirill Kaprizov, Jason Robertson, Dylan Larkin, Roope Hintz, Troy Terry, Matthew Boldy, Logan Couture, Oliver Bjorkstrand, Cole Perfetti
Custom OT Lines Defensemen
Buck Phucksalot, Victor Hedman, Vladislav Gavrikov, Hampus Lindholm, Kaiden Guhle
Scratches
Anthony Stolarz (Healthy)

Jets

5 vs 5 Forward
Line #Left WingCenterRight WingPHYDFOFWanted %Time %Time Play
1Pierre-Luc DuboisAleksander BarkovMartin Necas1223028%14:59
2Nikolaj EhlersMark ScheifeleLuke Evangelista1222830%16:09
3Matias MaccelliMason McTavishBrandon Saad1222630%16:12
4Aleksander BarkovErik HaulaMark Scheifele1221611%6:08
5 vs 5 Defense
Line #DefenseDefensePHYDFOFWanted %Time %Time Play
1Crabface TinklenutsJacob Trouba1223028%15:05
2Jake SandersonJonas Brodin1222830%15:59
3Morgan RiellyRoman Josi1222627%14:42
4Joshua MorrisseyCrabface Tinklenuts1221614%7:42
Power Play Forward
Line #Left WingCenterRight WingPHYDFOFWanted %Time %Time Play
1Pierre-Luc DuboisAleksander BarkovMartin Necas1225565%2:58
2Nikolaj EhlersMark ScheifeleLuke Evangelista1224535%1:35
Power Play Defense
Line #DefenseDefensePHYDFOFWanted %Time %Time Play
1Crabface TinklenutsJacob Trouba1225547%2:08
2Jake SandersonJonas Brodin1224553%2:25
Penalty Kill 4 Players Forward
Line #CenterWingPHYDFOFWanted %Time %Time Play
1Aleksander BarkovMark Scheifele1225562%1:14
2Pierre-Luc DuboisMartin Necas1224538%0:45
Penalty Kill 4 Players Defense
Line #DefenseDefensePHYDFOFWanted %Time %Time Play
1Crabface TinklenutsJacob Trouba1225545%0:53
2Jake SandersonJonas Brodin1224555%1:06
Penalty Kill 3 Players
Line #WingPHYDFOFWanted %Time %Time PlayDefenseDefensePHYDFOFWanted %Time %Time Play
1Aleksander Barkov122550%0:00 Crabface TinklenutsJacob Trouba122550%0:00
2Mark Scheifele122450%0:00 Jake SandersonJonas Brodin122450%0:00
4 vs 4 Forward
Line #CenterWingPHYDFOFWanted %Time %Time Play
1Aleksander BarkovMark Scheifele122550%0:00
2Pierre-Luc DuboisMartin Necas122450%0:00
4 vs 4 Defense
Line #DefensePHYDFOFWanted %Time %Time Play
1Crabface TinklenutsJacob Trouba122550%0:00
2Jake SandersonJonas Brodin122450%0:00
Last Minutes Offensive
Left WingCenterRight WingDefenseDefense
Pierre-Luc DuboisAleksander BarkovMartin NecasCrabface TinklenutsJacob Trouba
Last Minutes Defensive
Left WingCenterRight WingDefenseDefense
Pierre-Luc DuboisAleksander BarkovMartin NecasCrabface TinklenutsJacob Trouba
Time
Total ForwardTotal DefenseLast Minutes OffensiveLast Minutes Defensive
60:00 60:00 0:000:00
Extra Forwards
Normal PowerPlayPenalty Kill
William Karlsson, Mason McTavish, Matias MaccelliWilliam Karlsson, Mason McTavishMatias Maccelli
Extra Defensemen
Normal PowerPlayPenalty Kill
Morgan Rielly, Roman Josi, Joshua MorrisseyMorgan Rielly, Roman JosiJoshua Morrissey
Penalty Shots
Aleksander Barkov, Mark Scheifele, Pierre-Luc Dubois, Martin Necas, Nikolaj Ehlers
Goalie
Connor Hellebuyck, Pavel Francouz
Custom OT Lines Forwards
Aleksander Barkov, Mark Scheifele, Pierre-Luc Dubois, Martin Necas, Nikolaj Ehlers, Luke Evangelista, Mason McTavish, Matias Maccelli, Erik Haula, William Karlsson
Custom OT Lines Defensemen
Crabface Tinklenuts, Jacob Trouba, Jake Sanderson, Jonas Brodin, Morgan Rielly
Scratches
Teuvo Teravainen (Healthy), Alexander Kerfoot (Healthy), Eeli Tolvanen (Healthy)


Play-by-Play

1st period


0:01 of 1st period - Aleksander Barkov wins face-off versus Dylan Larkin in neutral zone.
0:20 of 1st period - Shot by Kirill Kaprizov.
0:20 of 1st period - Stopped by Connor Hellebuyck without a rebound.
0:21 of 1st period - Mark Scheifele wins face-off versus Roope Hintz in Jets zone.
0:48 of 1st period - Icing by Jonas Brodin.
0:49 of 1st period - Logan Couture wins face-off versus Mark Scheifele in Jets zone.
0:54 of 1st period - Shot by Logan Couture.
0:54 of 1st period - Shot Blocked by Jake Sanderson.
1:14 of 1st period - Off-side.
1:15 of 1st period - Cole Perfetti wins face-off versus Brandon Saad in neutral zone.
1:19 of 1st period - Off-side.
1:20 of 1st period - Cole Perfetti wins face-off versus Mason McTavish in neutral zone.
2:35 of 1st period - Icing by Martin Necas.
2:36 of 1st period - Dylan Larkin wins face-off versus Aleksander Barkov in Jets zone.
2:45 of 1st period - Aleksander Barkov is hit by Kirill Kaprizov and loses puck.
3:32 of 1st period - Hampus Lindholm is hit by Pierre-Luc Dubois and loses puck.
3:55 of 1st period - Shot by Mark Scheifele.
3:55 of 1st period - Stopped by Igor Shesterkin without a rebound.
3:56 of 1st period - Logan Couture wins face-off versus Matias Maccelli in Shitbirds zone.
4:03 of 1st period - Shot by Logan Couture.
4:03 of 1st period - Shot Misses the Net.
4:05 of 1st period - Shot by Logan Couture.
4:05 of 1st period - Shot Blocked by Morgan Rielly.
4:09 of 1st period - Shot by Logan Couture.
4:09 of 1st period - Shot Misses the Net.
4:11 of 1st period - Shot by Buck Phucksalot.
4:11 of 1st period - Deflect By Logan Couture.
4:11 of 1st period - Shot Blocked by Morgan Rielly.
4:13 of 1st period - Shot by Logan Couture.
4:13 of 1st period - Goal by Logan Couture - Shitbirds : 1 - Jets : 0.
4:14 of 1st period - Mark Scheifele wins face-off versus Dylan Larkin in neutral zone.
4:17 of 1st period - Vladislav Gavrikov is hit by Nikolaj Ehlers and loses puck.
4:35 of 1st period - Kirill Kaprizov is hit by Jonas Brodin and loses puck.
4:42 of 1st period - Shot by Dylan Larkin.
4:42 of 1st period - Stopped by Connor Hellebuyck without a rebound.
4:43 of 1st period - Mason McTavish wins face-off versus Logan Couture in Jets zone.
5:08 of 1st period - Shot by Logan Couture.
5:08 of 1st period - Deflect By Oliver Bjorkstrand.
5:08 of 1st period - Stopped by Connor Hellebuyck without a rebound.
5:09 of 1st period - Mark Scheifele wins face-off versus Roope Hintz in Jets zone.
6:13 of 1st period - Shot by Oliver Bjorkstrand.
6:13 of 1st period - Shot Misses the Net.
6:49 of 1st period - Vladislav Gavrikov is hit by Brandon Saad and loses puck.
7:20 of 1st period - Shot by Dylan Larkin.
7:20 of 1st period - Shot Misses the Net.
7:22 of 1st period - Shot by Hampus Lindholm.
7:22 of 1st period - Shot Misses the Net.
7:24 of 1st period - Shot by David Pastrnak.
7:24 of 1st period - Shot Blocked by Jonas Brodin.
7:26 of 1st period - Shot by Dylan Larkin.
7:26 of 1st period - Stopped by Connor Hellebuyck without a rebound.
7:27 of 1st period - Aleksander Barkov wins face-off versus Filip Zadina in Jets zone.
7:40 of 1st period - Shot by Pierre-Luc Dubois.
7:40 of 1st period - Shot Misses the Net.
8:01 of 1st period - Aleksander Barkov is hit by Charlie McAvoy and loses puck.
9:24 of 1st period - Shot by Logan Couture.
9:24 of 1st period - Shot Blocked by Crabface Tinklenuts.
9:26 of 1st period - Shot by Logan Couture.
9:26 of 1st period - Shot Misses the Net.
9:51 of 1st period - Oliver Bjorkstrand is hit by Crabface Tinklenuts and loses puck.
9:59 of 1st period - Icing by Crabface Tinklenuts.
10:00 of 1st period - Dylan Larkin wins face-off versus Erik Haula in Jets zone.
10:05 of 1st period - Shot by Dylan Larkin.
10:05 of 1st period - Stopped by Connor Hellebuyck with a rebound.
11:03 of 1st period - Shot by Roope Hintz.
11:03 of 1st period - Stopped by Connor Hellebuyck without a rebound.
11:04 of 1st period - Cole Perfetti wins face-off versus Mason McTavish in Jets zone.
12:50 of 1st period - Off-side.
12:51 of 1st period - Mason McTavish wins face-off versus Dylan Larkin in neutral zone.
12:58 of 1st period - Shot by Matias Maccelli.
12:58 of 1st period - Shot Blocked by Kaiden Guhle.
13:06 of 1st period - Shot by Brandon Saad.
13:06 of 1st period - Shot Misses the Net.
13:21 of 1st period - Shot by Kirill Kaprizov.
13:21 of 1st period - Shot Blocked by Jacob Trouba.
13:23 of 1st period - Shot by Dylan Larkin.
13:23 of 1st period - Deflect By David Pastrnak.
13:23 of 1st period - Goal by David Pastrnak - Shitbirds : 2 - Jets : 0.
13:24 of 1st period - Roope Hintz wins face-off versus Mark Scheifele in neutral zone.
13:46 of 1st period - Mark Scheifele is hit by Vladislav Gavrikov.
14:43 of 1st period - Shot by Matthew Boldy.
14:43 of 1st period - Stopped by Connor Hellebuyck without a rebound.
14:44 of 1st period - Mason McTavish wins face-off versus Dylan Larkin in Jets zone.
14:44 of 1st period - Mason McTavish is hit by Kirill Kaprizov.
14:55 of 1st period - Minor Penalty to Kaiden Guhle for Hooking.
14:56 of 1st period - David Pastrnak wins face-off versus Martin Necas in Shitbirds zone.
14:56 of 1st period - David Pastrnak is hit by Pierre-Luc Dubois.
15:25 of 1st period - Crabface Tinklenuts is hit by Victor Hedman and loses puck.
15:34 of 1st period - Shot by Aleksander Barkov.
15:34 of 1st period - Stopped by Igor Shesterkin with a rebound.
15:36 of 1st period - Shot by Jacob Trouba.
15:36 of 1st period - Shot Hit the Post.
16:04 of 1st period - Shot by Luke Evangelista.
16:04 of 1st period - Stopped by Igor Shesterkin without a rebound.
16:05 of 1st period - Aleksander Barkov wins face-off versus David Pastrnak in Shitbirds zone.
16:06 of 1st period - Shot by Jake Sanderson.
16:06 of 1st period - Stopped by Igor Shesterkin with a rebound.
16:26 of 1st period - Shot by Jonas Brodin.
16:26 of 1st period - Shot Misses the Net.
16:44 of 1st period - Icing by Aleksander Barkov.
16:45 of 1st period - Pierre-Luc Dubois wins face-off versus David Pastrnak in Jets zone.
16:52 of 1st period - Vladislav Gavrikov is hit by Martin Necas and loses puck.
17:17 of 1st period - Shot by Mason McTavish.
17:17 of 1st period - Shot Blocked by Charlie McAvoy.
17:19 of 1st period - Shot by Mason McTavish.
17:19 of 1st period - Shot Misses the Net.
17:34 of 1st period - Icing by Kaiden Guhle.
17:35 of 1st period - Logan Couture wins face-off versus Mark Scheifele in Shitbirds zone.
17:58 of 1st period - Victor Hedman is hit by Mark Scheifele and loses puck.
18:31 of 1st period - Shot by Victor Hedman.
18:31 of 1st period - Stopped by Connor Hellebuyck with a rebound.
18:42 of 1st period - Icing by Nikolaj Ehlers.
18:43 of 1st period - Dylan Larkin wins face-off versus Mark Scheifele in Jets zone.
19:03 of 1st period - Icing by Morgan Rielly.
19:04 of 1st period - Mark Scheifele wins face-off versus Cole Perfetti in Jets zone.
19:04 of 1st period - Mark Scheifele is hit by Filip Zadina.
19:27 of 1st period - Icing by Jacob Trouba.
19:28 of 1st period - Aleksander Barkov wins face-off versus Dylan Larkin in Jets zone.
19:32 of 1st period - Off-side.
19:33 of 1st period - Dylan Larkin wins face-off versus Mason McTavish in neutral zone.
19:35 of 1st period - Off-side.
19:36 of 1st period - Aleksander Barkov wins face-off versus Dylan Larkin in neutral zone.
Goals for this period are 2 for Shitbirds vs 0 for Jets.
Shots for this period are 10 for Shitbirds vs 4 for Jets.

2nd period


0:01 of 2nd period - Aleksander Barkov wins face-off versus Dylan Larkin in neutral zone.
0:35 of 2nd period - Shot by Pierre-Luc Dubois.
0:35 of 2nd period - Stopped by Igor Shesterkin without a rebound.
0:36 of 2nd period - Mason McTavish wins face-off versus Roope Hintz in Shitbirds zone.
0:37 of 2nd period - Shot by Jonas Brodin.
0:37 of 2nd period - Shot Blocked by Vladislav Gavrikov.
1:15 of 2nd period - Shot by Troy Terry.
1:15 of 2nd period - Shot Blocked by Jake Sanderson.
1:26 of 2nd period - Brandon Saad is hit by Oliver Bjorkstrand and loses puck.
1:37 of 2nd period - Shot by Oliver Bjorkstrand.
1:37 of 2nd period - Stopped by Connor Hellebuyck with a rebound.
1:55 of 2nd period - Shot by Logan Couture.
1:55 of 2nd period - Stopped by Connor Hellebuyck without a rebound.
1:56 of 2nd period - Dylan Larkin wins face-off versus Aleksander Barkov in Jets zone.
1:56 of 2nd period - Dylan Larkin is hit by Crabface Tinklenuts.
2:22 of 2nd period - Shot by Pierre-Luc Dubois.
2:22 of 2nd period - Shot Misses the Net.
2:47 of 2nd period - Icing by Buck Phucksalot.
2:48 of 2nd period - Mark Scheifele wins face-off versus Dylan Larkin in Shitbirds zone.
2:49 of 2nd period - Shot by Nikolaj Ehlers.
2:49 of 2nd period - Shot Misses the Net.
2:57 of 2nd period - Shot by Nikolaj Ehlers.
2:57 of 2nd period - Stopped by Igor Shesterkin with a rebound.
2:59 of 2nd period - Shot by Roman Josi.
2:59 of 2nd period - Goal by Roman Josi - Shitbirds : 2 - Jets : 1.
3:00 of 2nd period - Mark Scheifele wins face-off versus Roope Hintz in neutral zone.
4:13 of 2nd period - Shot by Oliver Bjorkstrand.
4:13 of 2nd period - Stopped by Connor Hellebuyck with a rebound.
4:19 of 2nd period - Martin Necas is hit by Logan Couture.
4:23 of 2nd period - Shot by Oliver Bjorkstrand.
4:23 of 2nd period - Shot Blocked by Aleksander Barkov.
4:54 of 2nd period - Icing by Jake Sanderson.
4:55 of 2nd period - Dylan Larkin wins face-off versus Mason McTavish in Jets zone.
5:00 of 2nd period - Shot by Kirill Kaprizov.
5:00 of 2nd period - Shot Misses the Net.
5:02 of 2nd period - Shot by Dylan Larkin.
5:02 of 2nd period - Shot Blocked by Jake Sanderson.
5:06 of 2nd period - Shot by David Pastrnak.
5:06 of 2nd period - Shot Blocked by Jonas Brodin.
5:13 of 2nd period - Dylan Larkin is hit by Jonas Brodin and loses puck.
5:22 of 2nd period - Shot by Kirill Kaprizov.
5:22 of 2nd period - Shot Blocked by Jonas Brodin.
5:24 of 2nd period - Shot by Dylan Larkin.
5:24 of 2nd period - Stopped by Connor Hellebuyck without a rebound.
5:25 of 2nd period - Mark Scheifele wins face-off versus Cole Perfetti in Jets zone.
5:54 of 2nd period - Icing by Hampus Lindholm.
5:55 of 2nd period - Aleksander Barkov wins face-off versus Cole Perfetti in Shitbirds zone.
6:31 of 2nd period - Icing by Crabface Tinklenuts.
6:32 of 2nd period - Roope Hintz wins face-off versus Aleksander Barkov in Jets zone.
6:36 of 2nd period - Icing by Jacob Trouba.
6:37 of 2nd period - Aleksander Barkov wins face-off versus Roope Hintz in Jets zone.
6:44 of 2nd period - Icing by Victor Hedman.
6:45 of 2nd period - Roope Hintz wins face-off versus Mark Scheifele in Shitbirds zone.
7:25 of 2nd period - Shot by Jason Robertson.
7:25 of 2nd period - Stopped by Connor Hellebuyck with a rebound.
7:27 of 2nd period - Shot by Buck Phucksalot.
7:27 of 2nd period - Stopped by Connor Hellebuyck without a rebound.
7:28 of 2nd period - Aleksander Barkov wins face-off versus Dylan Larkin in Jets zone.
7:28 of 2nd period - Aleksander Barkov is hit by Kirill Kaprizov.
7:43 of 2nd period - Minor Penalty to Kirill Kaprizov for Hooking.
7:44 of 2nd period - Pierre-Luc Dubois wins face-off versus David Pastrnak in Shitbirds zone.
7:44 of 2nd period - Martin Necas is hit by Hampus Lindholm and loses puck.
7:57 of 2nd period - Shot by Martin Necas.
7:57 of 2nd period - Stopped by Igor Shesterkin without a rebound.
7:58 of 2nd period - Mark Scheifele wins face-off versus David Pastrnak in Shitbirds zone.
8:12 of 2nd period - Off-side.
8:13 of 2nd period - Aleksander Barkov wins face-off versus David Pastrnak in neutral zone.
8:18 of 2nd period - Shot by Aleksander Barkov.
8:18 of 2nd period - Goal by Aleksander Barkov - Shitbirds : 2 - Jets : 2.
8:19 of 2nd period - Roope Hintz wins face-off versus Erik Haula in neutral zone.
8:19 of 2nd period - Buck Phucksalot is hit by Crabface Tinklenuts.
8:35 of 2nd period - Shot by Troy Terry.
8:35 of 2nd period - Stopped by Connor Hellebuyck without a rebound.
8:36 of 2nd period - Mason McTavish wins face-off versus Dylan Larkin in Jets zone.
8:41 of 2nd period - Kirill Kaprizov is hit by Mason McTavish and loses puck.
8:52 of 2nd period - Shot by Kirill Kaprizov.
8:52 of 2nd period - Stopped by Connor Hellebuyck without a rebound.
8:53 of 2nd period - Logan Couture wins face-off versus Erik Haula in Jets zone.
8:53 of 2nd period - Victor Hedman is hit by Crabface Tinklenuts and loses puck.
9:08 of 2nd period - Shot by Mark Scheifele.
9:08 of 2nd period - Shot Misses the Net.
9:46 of 2nd period - Logan Couture is hit by Mason McTavish and loses puck.
10:01 of 2nd period - Jake Sanderson is hit by Victor Hedman and loses puck.
10:05 of 2nd period - Brandon Saad is hit by Buck Phucksalot and loses puck.
10:12 of 2nd period - Shot by Mason McTavish.
10:12 of 2nd period - Shot Blocked by Logan Couture.
10:14 of 2nd period - Shot by Mason McTavish.
10:14 of 2nd period - Stopped by Igor Shesterkin without a rebound.
10:15 of 2nd period - Dylan Larkin wins face-off versus Aleksander Barkov in Shitbirds zone.
10:30 of 2nd period - Shot by Dylan Larkin.
10:30 of 2nd period - Stopped by Connor Hellebuyck without a rebound.
10:31 of 2nd period - Roope Hintz wins face-off versus Mark Scheifele in Jets zone.
10:59 of 2nd period - Nikolaj Ehlers is hit by Kaiden Guhle and loses puck.
11:09 of 2nd period - Mark Scheifele is hit by Kaiden Guhle and loses puck.
11:22 of 2nd period - Kaiden Guhle is hit by Brandon Saad and loses puck.
11:41 of 2nd period - Shot by Jonas Brodin.
11:41 of 2nd period - Shot Misses the Net.
12:56 of 2nd period - Mark Scheifele is hit by Kaiden Guhle.
13:04 of 2nd period - Shot by Mark Scheifele.
13:04 of 2nd period - Stopped by Igor Shesterkin without a rebound.
13:05 of 2nd period - Dylan Larkin wins face-off versus Mason McTavish in Shitbirds zone.
13:28 of 2nd period - Shot by David Pastrnak.
13:28 of 2nd period - Shot Blocked by Crabface Tinklenuts.
13:42 of 2nd period - Shot by David Pastrnak.
13:42 of 2nd period - Stopped by Connor Hellebuyck with a rebound.
13:44 of 2nd period - Shot by Buck Phucksalot.
13:44 of 2nd period - Stopped by Connor Hellebuyck without a rebound.
13:44 of 2nd period - Minor Penalty to Connor Hellebuyck for Delaying the game.
13:45 of 2nd period - Aleksander Barkov wins face-off versus Dylan Larkin in Jets zone.
14:08 of 2nd period - Shot by Dylan Larkin.
14:08 of 2nd period - Shot Misses the Net.
14:30 of 2nd period - Shot by Martin Necas.
14:30 of 2nd period - Shot Misses the Net.
16:25 of 2nd period - Hampus Lindholm is hit by Morgan Rielly and loses puck.
17:00 of 2nd period - Shot by Nikolaj Ehlers.
17:00 of 2nd period - Stopped by Igor Shesterkin without a rebound.
17:01 of 2nd period - Aleksander Barkov wins face-off versus Dylan Larkin in Shitbirds zone.
17:04 of 2nd period - Shot by Aleksander Barkov.
17:04 of 2nd period - Shot Misses the Net.
17:16 of 2nd period - Shot by David Pastrnak.
17:16 of 2nd period - Stopped by Connor Hellebuyck without a rebound.
17:17 of 2nd period - Mark Scheifele wins face-off versus Roope Hintz in Jets zone.
17:45 of 2nd period - Troy Terry is hit by Nikolaj Ehlers and loses puck.
18:02 of 2nd period - David Pastrnak is hit by Jonas Brodin.
18:07 of 2nd period - Icing by Jake Sanderson.
18:08 of 2nd period - Dylan Larkin wins face-off versus Mark Scheifele in Jets zone.
18:31 of 2nd period - Buck Phucksalot is hit by Nikolaj Ehlers and loses puck.
18:54 of 2nd period - Kaiden Guhle is hit by Mark Scheifele and loses puck.
18:59 of 2nd period - Shot by Filip Zadina.
18:59 of 2nd period - Shot Blocked by Jake Sanderson.
19:01 of 2nd period - Shot by Kaapo Kakko.
19:01 of 2nd period - Shot Misses the Net.
19:03 of 2nd period - Shot by Kaapo Kakko.
19:03 of 2nd period - Stopped by Connor Hellebuyck without a rebound.
19:04 of 2nd period - Roope Hintz wins face-off versus Aleksander Barkov in Jets zone.
19:23 of 2nd period - Shot by Jason Robertson.
19:23 of 2nd period - Shot Misses the Net.
Goals for this period are 0 for Shitbirds vs 2 for Jets.
Shots for this period are 13 for Shitbirds vs 8 for Jets.

3rd period


0:01 of 3rd period - Erik Haula wins face-off versus Dylan Larkin in neutral zone.
0:05 of 3rd period - Icing by Buck Phucksalot.
0:06 of 3rd period - Erik Haula wins face-off versus Dylan Larkin in Shitbirds zone.
0:22 of 3rd period - Shot by Aleksander Barkov.
0:22 of 3rd period - Deflect By Mark Scheifele.
0:22 of 3rd period - Shot Blocked by Buck Phucksalot.
0:45 of 3rd period - Aleksander Barkov is hit by Buck Phucksalot and loses puck.
0:59 of 3rd period - David Pastrnak is hit by Morgan Rielly and loses puck.
1:03 of 3rd period - Icing by Matias Maccelli.
1:04 of 3rd period - Logan Couture wins face-off versus Mason McTavish in Jets zone.
1:10 of 3rd period - Logan Couture is hit by Morgan Rielly and loses puck.
2:12 of 3rd period - Icing by Charlie McAvoy.
2:13 of 3rd period - Mark Scheifele wins face-off versus Cole Perfetti in Shitbirds zone.
3:09 of 3rd period - Shot by Pierre-Luc Dubois.
3:09 of 3rd period - Shot Misses the Net.
4:05 of 3rd period - Victor Hedman is hit by Pierre-Luc Dubois and loses puck.
4:46 of 3rd period - Shot by Roman Josi.
4:46 of 3rd period - Shot Blocked by Hampus Lindholm.
5:04 of 3rd period - Shot by Logan Couture.
5:04 of 3rd period - Stopped by Connor Hellebuyck with a rebound.
6:17 of 3rd period - Shot by Dylan Larkin.
6:17 of 3rd period - Shot Misses the Net.
6:21 of 3rd period - Shot by David Pastrnak.
6:21 of 3rd period - Stopped by Connor Hellebuyck without a rebound.
6:22 of 3rd period - Aleksander Barkov wins face-off versus Logan Couture in Jets zone.
6:51 of 3rd period - Shot by Martin Necas.
6:51 of 3rd period - Deflect By Aleksander Barkov.
6:51 of 3rd period - Stopped by Igor Shesterkin without a rebound.
6:52 of 3rd period - Mason McTavish wins face-off versus Troy Terry in Shitbirds zone.
6:59 of 3rd period - Shot by Mason McTavish.
6:59 of 3rd period - Shot Blocked by Buck Phucksalot.
7:01 of 3rd period - Shot by Roman Josi.
7:01 of 3rd period - Stopped by Igor Shesterkin without a rebound.
7:02 of 3rd period - Mason McTavish wins face-off versus Kirill Kaprizov in Shitbirds zone.
7:08 of 3rd period - Icing by Vladislav Gavrikov.
7:09 of 3rd period - Dylan Larkin wins face-off versus Aleksander Barkov in Shitbirds zone.
7:16 of 3rd period - Crabface Tinklenuts is hit by Kirill Kaprizov and loses puck.
7:37 of 3rd period - Shot by Dylan Larkin.
7:37 of 3rd period - Deflect By Kirill Kaprizov.
7:37 of 3rd period - Stopped by Connor Hellebuyck without a rebound.
7:38 of 3rd period - Mason McTavish wins face-off versus Logan Couture in Jets zone.
7:51 of 3rd period - Shot by Roman Josi.
7:51 of 3rd period - Stopped by Igor Shesterkin without a rebound.
7:52 of 3rd period - Roope Hintz wins face-off versus Mark Scheifele in Shitbirds zone.
8:12 of 3rd period - Icing by Kaiden Guhle.
8:13 of 3rd period - Aleksander Barkov wins face-off versus Roope Hintz in Shitbirds zone.
8:20 of 3rd period - Shot by Aleksander Barkov.
8:20 of 3rd period - Stopped by Igor Shesterkin without a rebound.
8:21 of 3rd period - Erik Haula wins face-off versus Dylan Larkin in Shitbirds zone.
8:39 of 3rd period - Jacob Trouba is hit by Buck Phucksalot and loses puck.
9:00 of 3rd period - Mark Scheifele is hit by David Pastrnak and loses puck.
10:10 of 3rd period - Hampus Lindholm is hit by Pierre-Luc Dubois and loses puck.
10:38 of 3rd period - Jason Robertson is hit by Morgan Rielly and loses puck.
11:32 of 3rd period - Mark Scheifele is hit by Buck Phucksalot and loses puck.
11:45 of 3rd period - Shot by Dylan Larkin.
11:45 of 3rd period - Stopped by Connor Hellebuyck without a rebound.
11:46 of 3rd period - Mason McTavish wins face-off versus Cole Perfetti in Jets zone.
12:54 of 3rd period - Shot by Nikolaj Ehlers.
12:54 of 3rd period - Shot Blocked by Vladislav Gavrikov.
12:56 of 3rd period - Shot by Mark Scheifele.
12:56 of 3rd period - Shot Blocked by Hampus Lindholm.
13:05 of 3rd period - Off-side.
13:06 of 3rd period - Matthew Boldy wins face-off versus Aleksander Barkov in neutral zone.
13:13 of 3rd period - Shot by Logan Couture.
13:13 of 3rd period - Deflect By Matthew Boldy.
13:13 of 3rd period - Shot Misses the Net.
13:15 of 3rd period - Shot by Logan Couture.
13:15 of 3rd period - Shot Blocked by Roman Josi.
13:33 of 3rd period - Shot by Aleksander Barkov.
13:33 of 3rd period - Shot Misses the Net.
13:36 of 3rd period - Icing by Kaiden Guhle.
13:37 of 3rd period - Logan Couture wins face-off versus Mason McTavish in Shitbirds zone.
13:48 of 3rd period - Shot by Logan Couture.
13:48 of 3rd period - Stopped by Connor Hellebuyck without a rebound.
13:49 of 3rd period - Dylan Larkin wins face-off versus Nikolaj Ehlers in Jets zone.
13:49 of 3rd period - Dylan Larkin is hit by Jacob Trouba.
13:53 of 3rd period - Shot by Kirill Kaprizov.
13:53 of 3rd period - Stopped by Connor Hellebuyck without a rebound.
13:54 of 3rd period - Dylan Larkin wins face-off versus Mason McTavish in Jets zone.
14:04 of 3rd period - Shot by Kirill Kaprizov.
14:04 of 3rd period - Stopped by Connor Hellebuyck without a rebound.
14:05 of 3rd period - Roope Hintz wins face-off versus Nikolaj Ehlers in Jets zone.
14:37 of 3rd period - Icing by Buck Phucksalot.
14:38 of 3rd period - Roope Hintz wins face-off versus Aleksander Barkov in Shitbirds zone.
15:02 of 3rd period - Icing by Crabface Tinklenuts.
15:03 of 3rd period - Dylan Larkin wins face-off versus Aleksander Barkov in Jets zone.
15:12 of 3rd period - Shot by Aleksander Barkov.
15:12 of 3rd period - Shot Blocked by Hampus Lindholm.
15:14 of 3rd period - Shot by Aleksander Barkov.
15:14 of 3rd period - Shot Misses the Net.
15:42 of 3rd period - Shot by Dylan Larkin.
15:42 of 3rd period - Shot Misses the Net.
16:01 of 3rd period - Icing by Hampus Lindholm.
16:02 of 3rd period - Dylan Larkin wins face-off versus Mason McTavish in Shitbirds zone.
16:02 of 3rd period - Dylan Larkin is hit by Brandon Saad.
17:17 of 3rd period - Minor Penalty to Buck Phucksalot for Holding.
17:18 of 3rd period - Aleksander Barkov wins face-off versus David Pastrnak in Shitbirds zone.
18:07 of 3rd period - Aleksander Barkov is hit by Jason Robertson and loses puck.
19:02 of 3rd period - Icing by Jake Sanderson.
19:03 of 3rd period - Mark Scheifele wins face-off versus David Pastrnak in Jets zone.
19:45 of 3rd period - Jason Robertson is hit by Morgan Rielly and loses puck.
Goals for this period are 0 for Shitbirds vs 0 for Jets.
Shots for this period are 7 for Shitbirds vs 4 for Jets.

Overtime #1


0:01 of 1st overtime period - Aleksander Barkov wins face-off versus David Pastrnak in neutral zone.
0:28 of 1st overtime period - Shot by David Pastrnak.
0:28 of 1st overtime period - Shot Blocked by Aleksander Barkov.
0:30 of 1st overtime period - Shot by Buck Phucksalot.
0:30 of 1st overtime period - Shot Hit the Post.
1:08 of 1st overtime period - Off-side.
1:09 of 1st overtime period - Pierre-Luc Dubois wins face-off versus Dylan Larkin in neutral zone.
1:26 of 1st overtime period - Icing by Victor Hedman.
1:27 of 1st overtime period - Dylan Larkin wins face-off versus Pierre-Luc Dubois in Shitbirds zone.
1:32 of 1st overtime period - Shot by Dylan Larkin.
1:32 of 1st overtime period - Deflect By Jason Robertson.
1:32 of 1st overtime period - Stopped by Connor Hellebuyck without a rebound.
1:33 of 1st overtime period - Aleksander Barkov wins face-off versus David Pastrnak in Jets zone.
1:41 of 1st overtime period - Off-side.
1:42 of 1st overtime period - Aleksander Barkov wins face-off versus David Pastrnak in neutral zone.
1:47 of 1st overtime period - Shot by Mark Scheifele.
1:47 of 1st overtime period - Stopped by Igor Shesterkin without a rebound.
1:48 of 1st overtime period - Aleksander Barkov wins face-off versus David Pastrnak in Shitbirds zone.
1:51 of 1st overtime period - Shot by Aleksander Barkov.
1:51 of 1st overtime period - Stopped by Igor Shesterkin without a rebound.
1:52 of 1st overtime period - David Pastrnak wins face-off versus Aleksander Barkov in Shitbirds zone.
2:06 of 1st overtime period - Icing by Crabface Tinklenuts.
2:07 of 1st overtime period - Aleksander Barkov wins face-off versus David Pastrnak in Jets zone.
2:40 of 1st overtime period - Shot by Kirill Kaprizov.
2:40 of 1st overtime period - Stopped by Connor Hellebuyck with a rebound.
3:14 of 1st overtime period - Shot by Pierre-Luc Dubois.
3:14 of 1st overtime period - Shot Misses the Net.
3:18 of 1st overtime period - Shot by Martin Necas.
3:18 of 1st overtime period - Shot Misses the Net.
4:20 of 1st overtime period - Shot by Victor Hedman.
4:20 of 1st overtime period - Stopped by Connor Hellebuyck without a rebound.
4:21 of 1st overtime period - Mark Scheifele wins face-off versus Roope Hintz in Jets zone.
4:28 of 1st overtime period - Shot by Mark Scheifele.
4:28 of 1st overtime period - Stopped by Igor Shesterkin with a rebound.
4:50 of 1st overtime period - Shot by Mark Scheifele.
4:50 of 1st overtime period - Shot Misses the Net.
4:56 of 1st overtime period - Shot by Mark Scheifele.
4:56 of 1st overtime period - Shot Blocked by Troy Terry.
Goals for this period are 0 for Shitbirds vs 0 for Jets.
Shots for this period are 3 for Shitbirds vs 3 for Jets.

ShootOut


5:00 of 1st overtime period - Round #1.
5:00 of 1st overtime period - Shitbirds, David Pastrnak.
5:00 of 1st overtime period - Shot Misses the Net.
5:00 of 1st overtime period - Jets, Aleksander Barkov.
5:00 of 1st overtime period - Stopped by Igor Shesterkin.
5:00 of 1st overtime period - Round #2.
5:00 of 1st overtime period - Shitbirds, Kirill Kaprizov.
5:00 of 1st overtime period - Stopped by Connor Hellebuyck.
5:00 of 1st overtime period - Jets, Mark Scheifele.
5:00 of 1st overtime period - Goal by Mark Scheifele.
5:00 of 1st overtime period - Round #3.
5:00 of 1st overtime period - Shitbirds, Jason Robertson.
5:00 of 1st overtime period - Shot Misses the Net.